 Dungeon Crawl Stone Soup version 0.31-a0-369-g8eba5f6939 (webtiles) character file.

Game seed: 12880882398691239659

694 BrainTurd the Poker (level 7, -6/56 HPs)
             Began as a Hill Orc Reaver on July 21, 2023.
             Was a Priest of Fedhas.
             Mangled by Duvessa
             ... wielding a +2 rapier of holy wrath
              (15 damage)
             ... on level 5 of the Dungeon on July 29, 2023.
             The game lasted 00:45:45 (5147 turns).

BrainTurd the Poker (Hill Orc Reaver)               Turns: 5147, Time: 00:45:46

Health: -6/56      AC:  6    Str: 15    XL:     7   Next: 64%
Magic:  9/9        EV: 10    Int: 15    God:    Fedhas [***...]
Gold:   272        SH:  0    Dex:  9    Spells: 2/9 levels left

rFire   + . .        a - +0 spear
rCold   . . .        (no shield)
rNeg    . . .        d - +0 ring mail
rPois   .            l - +0 helmet
rElec   .            (no cloak)
rCorr   .            (no gloves)
SInv    .            (no boots)
Will    .....        k - amulet of magic regeneration Stlth
                     q - ring of protection from fire
HPRegen 0.29/turn    (no ring)
MPRegen 0.51/turn

%: no passive effects
@: no status effects
A: no striking features
a: Renounce Religion, Wall of Briars, Grow Ballistomycete


You were on level 5 of the Dungeon.
You worshipped Fedhas.
Fedhas was most pleased with you.
You visited 1 branch of the dungeon, and saw 5 of its levels.

You collected 272 gold pieces.

Inventory:

Hand Weapons
 a - a +0 spear (weapon)
Armour
 d - a +0 ring mail (worn)
 l - a +0 helmet (worn)
Jewellery
 k - an amulet of magic regeneration (around neck)
 q - a ring of protection from fire (left hand)
Wands
 v - a wand of charming (8)
Scrolls
 b - a scroll of blinking {unknown}
 e - 2 scrolls of vulnerability {unknown}
 f - a scroll of fear {unknown}
 p - a scroll of silence {unknown}
 r - 2 scrolls of teleportation {unknown}
 s - a scroll of noise {unknown}
 u - a scroll of brand weapon {unknown}
Potions
 c - 2 potions of curing
 g - a potion of might {unknown}
 h - a potion of degeneration {unknown}
 i - a potion of haste
 j - 3 potions of brilliance
 m - a potion of ambrosia {unknown}
 n - a potion of heal wounds {unknown}
 o - 2 potions of attraction {unknown}
 t - a potion of magic {unknown}


   Skills:
 - Level 2.4 Fighting
 + Level 6.9 Polearms
 - Level 1.5 Dodging
 - Level 1.5 Spellcasting
 - Level 4.5 Conjurations
 + Level 4.6 Summonings


You had 2 spell levels left.
You knew the following spells:

 Your Spells              Type           Power      Damage    Failure   Level
a - Kiss of Death         Conj/Necr      28%        2d7       19%         1
b - Momentum Strike       Conj/Tloc      14%        3d8       28%         2
c - Summon Small Mammal   Summ           60%        N/A       7%          1
d - Call Canine Familiar  Summ           15%        N/A       21%         3

Your spell library contained the following spells:

 Spells                   Type           Power      Damage    Failure   Level
 Freeze                   Ice            4%         1d3       43%         1
 Ensorcelled Hibernation  Hex/Ice        2%         N/A       56%         2
 Summon Guardian Golem    Hex/Summ       8%         N/A       47%         3
 Dazzling Flash           Conj/Hex       14%        N/A       50%         3
 Hailstorm                Conj/Ice       7%         3d4       50%         3
 Frozen Ramparts          Ice            2%         1d1       80%         3
 Portal Projectile        Hex/Tloc       2%         N/A       80%         3
 Tukima's Dance           Hex            1%         N/A       80%         3
 Vhi's Electric Charge    Tloc/Air       2%         N/A       80%         3
 Volatile Blastmotes      Fire/Tloc      2%         2d10      80%         3
 Iskenderun's Mystic Bla  Conj/Tloc      7%         2d4       88%         4
 Anguish                  Hex/Necr       0%         N/A       99%         4
 Cause Fear               Hex            0%         N/A       99%         4
 Arcjolt                  Conj/Air       3%         1d13      99%         5
 Plasma Beam              Fire/Air       0%         2x1d10    100%        6
 Starburst                Conj/Fire      3%         6d3       100%        6
 Enfeeble                 Hex            0%         N/A       100%        7
 Maxwell's Capacitive Co  Air            0%         ∞         100%        8


Dungeon Overview and Level Annotations

Branches:
Dungeon (5/15)
 Temple: D:4-7

Altars:
Fedhas
Qazlal

Shops:
D:1 [

Annotations:
D:5 2 runed translucent doors, Crazy Yiuf; Duvessa; Newt's ghost, novice MfFi


Message History

You hit Duvessa but do no damage.
Duvessa is lightly wounded.
Your quokka bites Duvessa but does no damage.
Duvessa hits your quokka with a +2 rapier of holy wrath!
Your quokka dies!
Your quokka's corpse disappears in a puff of smoke!
Your rat bites Duvessa.
Casting: Summon Small Mammal (safe; 7% risk of failure)
Press: ? - help, Q - select action, (/) - cycle Dir - look around, f - activate Duvessa completely misses your rat.
Your rat closely misses Duvessa.
Duvessa closely misses something.
Duvessa barely misses something.
You swap places.
Duvessa hits something with a +2 rapier of holy wrath.
Duvessa completely misses your quokka.
Your quokka bites Duvessa.
Duvessa barely misses your quokka.
Casting: Summon Small Mammal (safe; 7% risk of failure)
Press: ? - help, Q - select action, (/) - cycle Dir - look around, f - activate Duvessa hits your quokka with a +2 rapier of holy wrath!!
Your quokka dies!
Your quokka's corpse disappears in a puff of smoke!
Casting: Summon Small Mammal (safe; 7% risk of failure)
Press: ? - help, Q - select action, (/) - cycle Dir - look around, f - activate Your rat closely misses Duvessa.
You hit Duvessa.
Duvessa is lightly wounded.
Your bat hits Duvessa but does no damage.
Duvessa hits you with a +2 rapier of holy wrath!!
* * * LOW HITPOINT WARNING * * *
Duvessa closely misses you.
You barely miss Duvessa.
Duvessa is lightly wounded.
Your bat hits Duvessa but does no damage.
Your rat closely misses Duvessa.
Duvessa misses your bat.
You barely miss Duvessa.
Duvessa is lightly wounded.
Your bat closely misses Duvessa.
Your rat bites Duvessa but does no damage.
Duvessa hits you with a +2 rapier of holy wrath!
You die...
Fedhas appreciates your contribution to the ecosystem.

######.####....... ###...... #s#
....... ...... ## #.#
.......####......
.#####.######................
o............. ..# #..#
........###### #.# #r## ##
...###### #.###)# ##. ...#
#.r...# #.. ..## #@e#### ##.#
.##### #...### #..# .....#
##)#b..# ##.##
....)##########......# #..#
≈≈...................########.##
≈≈≈..##########.##...#........###
≈≈...# #.######........... ≈....#
###.######.<...###### ≈....#
#.............##


You could see Duvessa (berserk, ally target), a friendly bat (summoned) and a
friendly rat (summoned).

Vanquished Creatures
  Sigmund (D:5)
  A black bear (D:4)
  A scorpion (D:4)
  Dowan (D:5)
  A hound (D:4)
  2 iguanas
  An orc wizard (D:4)
  3 gnolls (D:4)
  2 adders
  A worm (D:3)
  3 dart slugs
  4 orcs (D:2)
  5 ball pythons
  4 endoplasms
  2 giant cockroaches
  5 goblins
  9 hobgoblins
  3 jackals (D:5)
  7 kobolds
  A nameless horror (D:4)
  2 quokkas
  5 bats
  6 frilled lizards
  6 rats
76 creatures vanquished.

Vanquished Creatures (collateral kills)
  An ogre (D:4)
  Ijyb (D:5)
  2 orcs (D:5)
4 creatures vanquished.

Grand Total: 80 creatures vanquished

Notes
Turn   | Place    | Note
-------+----------+-------------------------------------------
     0 | D:1      | BrainTurd the Hill Orc Reaver began the quest for the Orb.
     0 | D:1      | Reached XP level 1. HP: 18/18 MP: 3/3
    60 | D:1      | Found Saeneduk's Armour Shop.
   292 | D:1      | Reached XP level 2. HP: 23/25 MP: 4/4
   305 | D:1      | Learned a level 2 spell: Momentum Strike
   320 | D:1      | Found a faded altar of an unknown god.
   343 | D:1      | Prayed at the altar of an unknown god.
   343 | D:1      | Became a worshipper of Fedhas Madash
   343 | D:1      | Reached * piety under Fedhas
  1119 | D:2      | Reached XP level 3. HP: 30/30 MP: 5/5
  1137 | D:2      | Upgraded the game from 0.31-a0-339-gda1cbd555d to
                  | 0.31-a0-344-gd109795599
  1606 | D:2      | Found a stormy altar of Qazlal.
  2155 | D:3      | Reached ** piety under Fedhas
  2249 | D:3      | Reached skill level 4 in Polearms
  2345 | D:3      | Learned a level 1 spell: Summon Small Mammal
  2351 | D:3      | Reached XP level 4. HP: 37/37 MP: 6/6
  2866 | D:4      | Noticed an ogre
  3149 | D:4      | Reached skill level 1 in Summonings
  3149 | D:4      | Reached XP level 5. HP: 37/42 MP: 7/7
  3153 | D:4      | Learned a level 3 spell: Call Canine Familiar
  3417 | D:4      | Killed an ogre
  3418 | D:4      | Reached skill level 5 in Polearms
  3418 | D:4      | Reached XP level 6. HP: 16/50 MP: 8/8
  4039 | D:5      | Entered Level 5 of the Dungeon
  4098 | D:5      | Noticed Duvessa
  4098 | D:5      | Noticed Dowan
  4134 | D:5      | HP: 1/50 [iguana (8)]
  4336 | D:5      | Found a runed translucent door.
  4337 | D:5      | Noticed Crazy Yiuf
  4352 | D:5      | Found a runed translucent door.
  4355 | D:5      | Noticed Newt's ghost (novice MfFi)
  4424 | D:5      | Found a stormy altar of Qazlal.
  4435 | D:5      | Noticed Sigmund
  4451 | D:5      | Killed Sigmund
  4452 | D:5      | Reached skill level 6 in Polearms
  4452 | D:5      | Reached XP level 7. HP: 46/56 MP: 9/9
  4510 | D:5      | Noticed Ijyb
  4583 | D:5      | Killed Ijyb
  4695 | D:5      | Upgraded the game from 0.31-a0-344-gd109795599 to
                  | 0.31-a0-354-g827e0957a7
  4695 | D:5      | Upgraded the game from 0.31-a0-354-g827e0957a7 to
                  | 0.31-a0-360-gb3e1d13bf4
  4861 | D:4      | Upgraded the game from 0.31-a0-360-gb3e1d13bf4 to
                  | 0.31-a0-369-g8eba5f6939
  5045 | D:5      | Killed Dowan
  5045 | D:5      | Reached *** piety under Fedhas
  5147 | D:5      | Mangled by Duvessa

Illustrated notes

Levels and vault maps discovered:
D:1:      evilmike_arrival_crescent, layout_loops_ring, serial_shops, shop,
          shapermc_ecumenical_altar_mp_highgroup, due_unseen_surprise
D:2:      layout_basic, serial_bayou, serial_bayou_shore_b,
          serial_bayou_lagoon_a, serial_bayou_pond_b, serial_bayou_shore_a,
          basic_altar, wad_orctagon
D:3:      layout_rooms
D:4:      layout_loops_corners
D:5:      layout_rooms, nicolae_qazlal_general_emergency, tso_altar,
          ashenzari_conservatory_becter, ebering_ghost_sewer_d, uniq_duvessa,
          uniq_ijyb, uniq_sigmund, uniq_crazy_yiuf_cottage

Skill      XL: |  1  2  3  4  5  6  7 |
---------------+----------------------+-----
Conjurations   | 4 |  4.5
Polearms       | 4 5 6 |  6.9
Summonings     | 1 2 3 4 |  4.6
Fighting       | |  2.4
Dodging        | |  1.5
Spellcasting   | |  1.5

Action                     |  1- 3 |  4- 6 |  7- 9 || total
---------------------------+-------+-------+-------++-------
  Melee: Spear             |   196 |   185 |   103 ||   484
   Cast: Momentum Strike   |     1 |     3 |       ||     4
         Summon Small Mamm |       |    34 |    30 ||    64
         Call Canine Famil |       |     1 |     1 ||     2
    Use: Scroll            |       |     4 |       ||     4
         Potion            |       |     2 |     1 ||     3
   Stab: Distracted        |       |     1 |       ||     1
 Armour: Leather armour    |    24 |       |       ||    24
         Chain mail        |     9 |    14 |       ||    23
         Ring mail         |       |    23 |    47 ||    70
  Dodge: Dodged            |    69 |    74 |    36 ||   179

Table legend: (Time is in decaauts)
 A = Elapsed time spent in this place.
 B = Non-inter-level travel time spent in this place.
 C = Inter-level travel time spent in this place.
 D = Time resting spent in this place.
 E = Time spent auto-exploring this place.
 F = Levels seen in this place.
 G = Mean time per level.
                   A        B        C        D        E       F      G
               +--------+--------+--------+--------+--------+-----+--------+
         Total |   5101 |   4859 |    242 |    982 |   2853 |   5 | 1020.2 |
       Dungeon |   5101 |   4859 |    242 |    982 |   2853 |   5 | 1020.2 |
               +--------+--------+--------+--------+--------+-----+--------+

Top non-repeatable levels by time:
     D:4: 1625 daAuts
     D:2: 1384 daAuts
     D:5: 806 daAuts
     D:1: 730 daAuts
     D:3: 553 daAuts
